 Dungeon Crawl Stone Soup version 0.18.1-48-g4cf74bf (webtiles) character file.

4937 Peloso the Blocker (level 10, -6/88 HPs)
             Began as a Minotaur Fighter on Sept 9, 2016.
             Was a Believer of Okawaru.
             Mangled by a three-headed hydra (7 damage)
             ... on level 9 of the Dungeon.
             The game lasted 00:18:35 (6098 turns).

Peloso the Blocker (Minotaur Fighter)               Turns: 6098, Time: 00:18:36

Health: -6/88      AC: 15    Str: 22    XL:     10   Next: 28%
Magic:  9/9        EV:  9    Int:  5    God:    Okawaru [**....]
Gold:   379        SH: 12    Dex: 12    Spells: 0 memorised, 9 levels left

rFire  + . .     SeeInvis .     q - +0 hand axe (flame)
rCold  . . .     Gourm    .     j - +0 chain mail
rNeg   . . .     Faith    .     c - +0 shield
rPois  .         Spirit   .     (helmet restricted)
rElec  .         Dismiss  .     Y - +1 cloak
rCorr  .         Reflect  .     i - +0 pair of gloves
SustAt +         Harm     .     (no boots)
MR     .....                    m - amulet of regeneration
Stlth  ..........               L - ring of sustain attributes
                                o - ring of protection from fire

@: marked, not resistant to hostile enchantments, extremely unstealthy
A: retaliatory headbutt, horns 2
a: Heroism, Renounce Religion


You were on level 9 of the Dungeon.
You worshipped Okawaru.
Okawaru was pleased with you.
You were hungry.

You visited 2 branches of the dungeon, and saw 10 of its levels.

You collected 379 gold pieces.

Inventory:

Hand Weapons
 a - a +0 long sword
 q - a +0 hand axe of flaming (weapon)
 x - a +2 falchion of slicing
 N - a +0 falchion of holy wrath
 R - the +4 Vampire's Tooth {vamp}
   (You found it on level 7 of the Dungeon)

   It inflicts no extra harm, but heals its wielder somewhat when it strikes a
   living foe.
 V - a +1 long sword of holy wrath
Armour
 b - a +0 scale mail
 c - a +0 shield (worn)
 i - a +0 pair of gloves (worn)
 j - a +0 chain mail (worn)
 W - a +1 cloak
 Y - a +1 cloak (worn)
Jewellery
 m - an amulet of regeneration (around neck)
 o - a ring of protection from fire (left hand)
 I - an uncursed ring of magical power
 L - a ring of sustain attributes (right hand)
Wands
 t - a wand of flame (25/48)
 M - a wand of flame (13/48)
 O - a wand of disintegration (11/24)
 P - a wand of hasting (7/9)
Scrolls
 d - a scroll of enchant weapon {unknown}
 l - 3 scrolls of fog {unknown}
 r - 5 scrolls of teleportation {unknown}
 s - 3 scrolls of remove curse {unknown}
 v - 8 scrolls of identify {unknown}
 y - a scroll of immolation {unknown}
 B - 2 scrolls of enchant armour {unknown}
 D - 2 scrolls of recharging {unknown}
 H - 2 scrolls of random uselessness {unknown}
 J - 2 scrolls of fear {unknown}
 Q - 2 scrolls of brand weapon {unknown}
 S - 2 scrolls of magic mapping {unknown}
Potions
 e - 2 potions of mutation {unknown}
 g - 3 potions of brilliance {unknown}
 h - 2 potions of haste
 k - a potion of curing
 z - 2 potions of cure mutation {unknown}
 E - a potion of heal wounds {unknown}
 F - a potion of invisibility {unknown}
 G - 2 potions of lignification {unknown}
 T - 2 potions of resistance {unknown}
 U - a potion of degeneration {unknown}
 X - a potion of magic {unknown}
 Z - a potion of might
Books
 A - Sif Muna's Tome of Orientation
   (You found it on level 4 of the Dungeon)

   Spells                             Type                      Level
   a - Apportation                    Translocation                1
 C - a book of Unlife

   Spells                             Type                      Level
   a - Recall                         Summoning/Translocation      3
   b - Animate Dead                   Necromancy                   4
   c - Control Undead                 Necromancy                   4
   d - Cigotuvi's Embrace             Necromancy                   5
   e - Death Channel                  Necromancy                   6
   f - Simulacrum                     Ice/Necromancy               6
Comestibles
 f - 9 bread rations
 n - 8 slices of pizza
 p - 4 beef jerkies
 u - 5 meat rations
 w - a royal jelly
 K - 2 fruits


   Skills:
 + Level 7.8 Fighting
 + Level 8.6 Long Blades
 + Level 9.2 Armour
 + Level 4.5 Dodging
 + Level 1.6 Stealth
 + Level 10.9 Shields
 + Level 0.4 Invocations


You had 9 spell levels left.
You didn't know any spells.

Dungeon Overview and Level Annotations

Branches:
Dungeon (9/15)             Temple (1/1) D:5
   Lair: D:8-11         Orc: D:9-12

Altars:
Ashenzari
Cheibriados
Dithmenos
Elyvilon
Fedhas
Gozag
Kikubaaqudgha
Makhleb
Nemelex Xobeh
Okawaru
Pakellas
Qazlal
Ru
Sif Muna
Trog
Vehumet
Xom
Yredelemnul
Zin
The Shining One

Shops:
D:4 [


Innate Abilities, Weirdness & Mutations

You reflexively headbutt those who attack you in melee.
You have a pair of horns on your head.


Message History

* * * LOW HITPOINT WARNING * * *
The four-headed hydra closely misses you.
You furiously retaliate!
You headbutt the four-headed hydra. The four-headed hydra bites you!
* * * LOW HITPOINT WARNING * * *
The four-headed hydra bites you but does no damage.
You block the four-headed hydra's attack.
A quokka skeleton comes into view.
You lop one of the four-headed hydra's heads off!
The flame cauterises the wound!
You slash the three-headed hydra! You burn the three-headed hydra.
The three-headed hydra is almost dead.
Your chain mail prevents you from hitting the giant frog.
The giant frog hits you but does no damage. x2
The three-headed hydra closely misses you.
You furiously retaliate!
You headbutt the three-headed hydra, but do no damage.
You block the three-headed hydra's attack.
The three-headed hydra bites you!
You die...

####.# #....#
#######+##....#
#.(...........##
#.......y........#
#.....≈Z......#..#
#.....≈≈..........
#.F...≈.......####
#@D...!.......#
#####.....#####
#.....# #.....#
#.....# #.....#
###'### #.# #.#


You could see a three-headed hydra, a giant frog, a killer bee and a quokka
skeleton.

Vanquished Creatures
  Maurice (D:8)
  Psyche (D:8)
  The ghost of schammes the Covert, a novice OpAs (D:4)
  The ghost of Snowbuddha the Covert, a novice OpAs (D:5)
  Prince Ribbit (D:8)
  Sigmund (D:2)
  A yak (D:7)
  A human (D:7)
  A hungry ghost (D:8)
  Eustachio (D:4)
  A water moccasin (D:8)
  A sky beast (D:8)
  Duvessa (D:4)
  2 ice beasts
  An orc warrior (D:8)
  A phantom (D:4)
  3 ogres
  A necrophage (D:8)
  2 centaurs
  A giant frog (D:7)
  Dowan (D:4)
  5 scorpions
  5 killer bees (D:8)
  2 howler monkeys
  2 crimson imps (D:7)
  A giant frog zombie (D:6)
  A jelly (D:5)
  2 orc priests (D:8)
  A hound (D:8)
  Ijyb (D:2)
  2 centaur skeletons
  3 giant frog skeletons
  6 orc wizards
  5 worker ants
  A killer bee zombie (D:9)
  3 sheep (D:7)
  A hound zombie (D:6)
  3 hound skeletons (D:6)
  2 howler monkey skeletons
  2 gnolls (D:7)
  9 adders
  A shadow imp (D:6)
  An ooze (D:1)
  An adder skeleton (D:4)
  An adder zombie (D:5)
  3 worms
  3 dart slugs
  6 giant geckos
  30 orcs
  A ball python (D:6)
  A giant cockroach (D:6)
  10 goblins
  9 hobgoblins
  13 jackals
  5 bats
  6 giant newts
  A jackal zombie (D:5)
  6 kobolds
  A quokka zombie (D:8)
  7 rats
188 creatures vanquished.

Notes
Turn   | Place    | Note
--------------------------------------------------------------
     0 | D:1      | Peloso the Minotaur Fighter began the quest for the Orb.
     0 | D:1      | Reached XP level 1. HP: 19/19 MP: 0/0
   108 | D:1      | Reached XP level 2. HP: 27/27 MP: 1/1
   367 | D:1      | Reached skill level 4 in Shields
   561 | D:1      | Reached XP level 3. HP: 33/33 MP: 2/2
   913 | D:2      | Noticed Ijyb
   930 | D:2      | Killed Ijyb
   930 | D:2      | Reached XP level 4. HP: 14/40 MP: 3/3
   975 | D:2      | Found a shattered altar of Ashenzari.
  1159 | D:2      | Found a white marble altar of Elyvilon.
  1207 | D:2      | Noticed a moth of wrath
  1210 | D:2      | Found a bloodstained altar of Trog.
  1358 | D:2      | Reached skill level 1 in Dodging
  1401 | D:2      | Noticed Sigmund
  1421 | D:2      | Killed Sigmund
  1421 | D:2      | Reached skill level 5 in Armour
  1421 | D:2      | Reached skill level 5 in Shields
  1421 | D:2      | Reached XP level 5. HP: 45/47 MP: 4/4
  1421 | D:2      | Reached XP level 6. HP: 51/53 MP: 5/5
  1966 | D:3      | Found a shadowy altar of Dithmenos.
  2581 | D:4      | Reached skill level 1 in Stealth
  2654 | D:4      | Found Benlosh's Antique Armour Boutique.
  2668 | D:4      | Noticed schammes's ghost (novice OpAs)
  2683 | D:4      | Killed schammes's ghost
  2683 | D:4      | Reached skill level 5 in Fighting
  2683 | D:4      | Reached skill level 6 in Shields
  2683 | D:4      | Reached XP level 7. HP: 60/61 MP: 6/6
  2777 | D:4      | Found an ancient bone altar of Kikubaaqudgha.
  2777 | D:4      | Found a deep blue altar of Sif Muna.
  2779 | D:4      | Found a radiant altar of Vehumet.
  2784 | D:4      | Identified Sif Muna's Tome of Orientation
  2935 | D:4      | Noticed Duvessa
  2935 | D:4      | Noticed Dowan
  2954 | D:4      | Killed Duvessa
  2961 | D:4      | Killed Dowan
  2986 | D:4      | Reached skill level 5 in Long Blades
  2988 | D:4      | Found a glowing golden altar of the Shining One.
  3038 | D:4      | Noticed Eustachio
  3046 | D:4      | Reached skill level 7 in Shields
  3057 | D:4      | Killed Eustachio
  3057 | D:4      | Reached XP level 8. HP: 69/69 MP: 7/7
  3330 | D:5      | Entered Level 5 of the Dungeon
  3435 | D:5      | Noticed Snowbuddha's ghost (novice OpAs)
  3448 | D:5      | Killed Snowbuddha's ghost
  3448 | D:5      | Reached skill level 8 in Shields
  3888 | D:5      | Found a staircase to the Ecumenical Temple.
  3900 | Temple   | Entered the Ecumenical Temple
  3925 | Temple   | Became a worshipper of Warmaster Okawaru
  4077 | D:6      | Reached XP level 9. HP: 70/78 MP: 8/8
  4338 | D:6      | Reached skill level 9 in Shields
  4792 | D:7      | Found a sparkling altar of Nemelex Xobeh.
  4793 | D:7      | Found an opulent altar of Gozag.
  4797 | D:7      | Reached * piety under Okawaru
  4928 | D:7      | Found a shimmering altar of Xom.
  5328 | D:8      | Noticed Prince Ribbit
  5330 | D:8      | Noticed Psyche
  5345 | D:8      | Reached skill level 10 in Shields
  5409 | D:8      | Killed Psyche
  5423 | D:8      | Killed Prince Ribbit
  5423 | D:8      | Reached ** piety under Okawaru
  5449 | D:8      | Noticed Maurice
  5487 | D:8      | Killed Maurice
  5487 | D:8      | Reached XP level 10. HP: 88/88 MP: 9/9
  5900 | D:8      | Found a glowing silver altar of Zin.
  6086 | D:9      | Noticed a six-headed hydra
  6096 | D:9      | HP: 3/88 [four-headed hydra (4)]
  6097 | D:9      | HP: 1/88 [four-headed hydra (10)]
  6098 | D:9      | Mangled by a three-headed hydra

Skill      XL: |  1  2  3  4  5  6  7  8  9 10 |
---------------+-------------------------------+-----
Fighting       | 4 5 6 7 |  7.8
Armour         | 4 5 6 7 8 9 |  9.2
Shields        | 4 5 6 7 8 10 | 10.9
Dodging        | 1 3 4 |  4.5
Long Blades    | 3 4 5 6 8 |  8.6
Stealth        | 1 |  1.6
Invocations    | |  0.4

Action                   |  1- 3 |  4- 6 |  7- 9 | 10-12 || total
-------------------------+-------+-------+-------+-------++-------
Melee: Long sword        |    58 |   120 |       |       ||   178
       Headbutt          |    11 |    28 |    69 |    15 ||   123
       Falchion          |       |    57 |   345 |    82 ||   484
       Hand axe          |       |       |       |     8 ||     8
Invok: Heroism           |       |       |     1 |     1 ||     2
  Use: Potion            |     3 |       |       |     1 ||     4
  Eat: Chunk             |       |     6 |    10 |     2 ||    18
Armor: Scale mail        |     3 |       |       |       ||     3
       Chain mail        |    32 |   110 |   120 |    41 ||   303
Dodge: Dodged            |    17 |    43 |    93 |    34 ||   187
Block: Shield            |    34 |    88 |   207 |    71 ||   400
